 Dungeon Crawl Stone Soup version 0.29.0-4-gdea44cf6ec (webtiles) character file.

Game seed: 11700981882092699663

6099 qw the Cleaver (level 10, -1/64 HPs)
             Began as a Gargoyle Fighter on Sept 8, 2022.
             Was a Believer of Okawaru.
             Slain by an eight-headed hydra (10 damage)
             ... on level 1 of the Lair of Beasts.
             The game lasted 00:03:44 (9774 turns).

qw the Cleaver (Gargoyle Fighter)                   Turns: 9774, Time: 00:03:45

Health: -1/64      AC: 21    Str: 23    XL:     10   Next: 88%
Magic:  12/13      EV: 12    Int: 13    God:    Okawaru [**....]
Gold:   528        SH: 11    Dex: 14    Spells: 9/9 levels left

rFire   x . .      SeeInvis .   k - +1 flail
rCold   + + .      Faith    .   c - +0 buckler
rNeg    + . .      Spirit   .   a - +0 ice dragon scales
rPois   inf        Reflect  +   (no helmet)
rElec   +          Harm     .   (no cloak)
rCorr   .          Rampage  .   (no gloves)
Will    .....                   l - +0 pair of boots
Stlth   +.........              e - amulet of reflection
HPRegen 0.20/turn               g - +6 ring of dexterity
MPRegen 0.13/turn               (no ring)

@: heroic
A: sickness immunity, AC +7, negative energy resistance 1, electricity
resistance, torment resistance 1, petrification resistance, clever 1, MP-powered
wands
a: Renounce Religion, Heroism


You were on level 1 of the Lair of Beasts.
You worshipped Okawaru.
Okawaru was pleased with you.
You visited 3 branches of the dungeon, and saw 10 of its levels.

You collected 528 gold pieces.


Innate Abilities, Weirdness & Mutations

You are immune to sickness and miasma.
Your stone body is resilient. (AC +7)
You are immune to poison.
You resist negative energy. (rN+)
You are resistant to electric shocks. (rElec)
You are resistant to unholy torment.
You are immune to petrification.
Your mind is acute. (Int +4, Str/Dex -1)
You expend magic power (3 MP) to strengthen your wands.


   Skills:
 - Level 8.0(13.0) Fighting
 + Level 10.5(15.5) Axes
 - Level 5.5(10.5) Throwing
 - Level 5.1(10.1) Armour
 - Level 2.0(7.0) Dodging
 - Level 5.0(10.0) Shields
 - Level 4.0 Invocations


You had 9 spell levels left.
You didn't know any spells.
Your spell library was empty.

Inventory:

Hand Weapons
 k - a +1 flail (weapon)
 Y - a +3 war axe
Missiles
 f - 5 boomerangs (quivered)
Armour
 a - +0 ice dragon scales (worn)
 c - a +0 buckler (worn)
 l - a +0 pair of boots (worn)
 s - a +0 chain mail of cold resistance
Jewellery
 e - an amulet of reflection (around neck)
 g - a +6 ring of dexterity (left hand)
Scrolls
 h - 3 scrolls of identify
Potions
 b - a potion of cancellation
 d - 2 potions of might
 i - a potion of magic
 j - a potion of lignification
 m - a potion of attraction
 p - 3 potions of mutation
 q - a potion of resistance

Dungeon Overview and Level Annotations

Branches:
Dungeon (8/15)             Temple (1/1) D:5            Lair (1/5) D:8

Altars:
Ashenzari
Cheibriados
Dithmenos
Elyvilon
Fedhas
Gozag
Kikubaaqudgha
Makhleb
Nemelex Xobeh
Okawaru
Qazlal
Ru
Sif Muna
Trog
Uskayaw
Vehumet
Wu Jian
Xom
Yredelemnul
Zin
The Shining One


Message History

You sock the eight-headed hydra!
The eight-headed hydra is severely wounded.
You block the eight-headed hydra's attack.
The eight-headed hydra bites you but does no damage. x2
You block the eight-headed hydra's attack. x2
The eight-headed hydra bites you.
The eight-headed hydra bites you but does no damage.
The eight-headed hydra closely misses you.
You hit the eight-headed hydra.
The eight-headed hydra is severely wounded.
The eight-headed hydra bites you but does no damage.
The eight-headed hydra closely misses you.
You block the eight-headed hydra's attack. x2
The eight-headed hydra bites you but does no damage. x2
The eight-headed hydra closely misses you.
The eight-headed hydra bites you.
You completely miss the eight-headed hydra.
The eight-headed hydra is severely wounded.
You block the eight-headed hydra's attack. x2
The eight-headed hydra closely misses you.
The eight-headed hydra bites you. The eight-headed hydra misses you.
The eight-headed hydra bites you but does no damage.
You block the eight-headed hydra's attack.
The eight-headed hydra misses you.
You barely miss the eight-headed hydra.
The eight-headed hydra is severely wounded.
You block the eight-headed hydra's attack.
The eight-headed hydra bites you but does no damage.
You block the eight-headed hydra's attack.
The eight-headed hydra bites you!
The eight-headed hydra bites you but does no damage.
You block the eight-headed hydra's attack.
The eight-headed hydra bites you but does no damage.
The eight-headed hydra closely misses you.
You sock the eight-headed hydra!
The eight-headed hydra is almost dead.
The eight-headed hydra bites you but does no damage. x3
You block the eight-headed hydra's attack.
The eight-headed hydra bites you!
You die...

##########
#........############
#..D@.#.#.#.#.##.....
#...###..............
#... #..............
...........######.....
..#.......#### #.####
( ##...##. #(# .... ..
#.# ....... ..# ..#


You could see an eight-headed hydra.

Vanquished Creatures
  2 two-headed ogres
  A komodo dragon (Lair:1)
  Grinder (D:5)
  2 yaks (D:8)
  A wyvern (Lair:1)
  A steam dragon (D:8)
  5 water moccasins
  An acid dragon (D:8)
  An ice beast (D:7)
  An orc warrior (D:8)
  2 black bears (D:6)
  A sky beast (D:8)
  3 centaurs
  2 phantoms
  3 kobold brigands (D:8)
  8 bullfrogs
  6 scorpions
  4 wights (D:8)
  A killer bee (D:8)
  3 howler monkeys (D:7)
  2 jellies (D:5)
  5 hounds
  3 orc priests (D:7)
  7 iguanas
  5 orc wizards
  7 gnolls
  9 adders
  A shadow imp (D:5)
  2 white imps
  4 worms
  3 dart slugs
  21 orcs
  6 bats
  8 endoplasms
  5 giant cockroaches
  12 goblins
  7 hobgoblins
  3 jackals (D:1)
  21 kobolds
  3 quokkas
  4 ball pythons
  5 frilled lizards (D:1)
  4 rats
196 creatures vanquished.

Vanquished Creatures (others)
  A yak (D:8)
  A wight (D:8)
  22 fungi (D:8)
  16 plants
40 creatures vanquished.

Grand Total: 236 creatures vanquished

Notes
Turn   | Place    | Note
-------+----------+-------------------------------------------
     0 | D:1      | qw the Gargoyle Fighter began the quest for the Orb.
     0 | D:1      | Reached XP level 1. HP: 14/14 MP: 1/1
     0 | D:1      | 0 ||| qw: Version: 0.1-a-111-g1c1fd2e
     0 | D:1      | 0 ||| qw: Game counter: 6606
     0 | D:1      | 0 ||| qw: Always use a shield: true
     0 | D:1      | 0 ||| qw: God list: Okawaru
     0 | D:1      | 0 ||| qw: Allow faded altars: false
     0 | D:1      | 0 ||| qw: Do Orc after D:15 true
     0 | D:1      | 0 ||| qw: Do second Lair branch before Depths: true
     0 | D:1      | 0 ||| qw: Lair rune preference: random
     0 | D:1      | 0 ||| qw: Plans: Normal, Zot, God:TSO, Crypt, Tomb, Zig,
                  | Orb
     0 | D:1      | 0 ||| PLANNING D:1-11
    20 | D:1      | Reached skill level 2 in Axes
   223 | D:1      | Reached XP level 2. HP: 19/19 MP: 2/2
   546 | D:1      | Reached skill level 3 in Axes
   635 | D:1      | 635 ||| Stepping ~*~*~tactically~*~*~ (stealth).
   660 | D:1      | Reached XP level 3. HP: 21/23 MP: 3/3
  1172 | D:1      | 1172 ||| UPGRADING to +0 pair of boots.
  1177 | D:1      | 1177 ||| UPGRADING to amulet of reflection.
  1182 | D:1      | 1182 ||| READING scroll labelled YFFEUT XATUECALUA.
  1183 | D:1      | 1183 ||| READING 2 scrolls labelled YZOUWN KYFAJ.
  1184 | D:1      | 1184 ||| READING scroll labelled GANOTA ZOCLIGA.
  1185 | D:1      | 1185 ||| READING scroll labelled SUAPOT WUCIAV.
  1429 | D:2      | 1429 ||| Stepping ~*~*~tactically~*~*~ (stealth).
  1431 | D:2      | 1431 ||| Stepping ~*~*~tactically~*~*~ (hiding).
  2059 | D:2      | 2059 ||| UPGRADING to +0 ice dragon scales.
  2069 | D:2      | 2069 ||| READING scroll labelled HAUFIX FOUHAGEC.
  2070 | D:2      | 2070 ||| READING 2 scrolls labelled NOQUEPP NOFO.
  2071 | D:2      | 2071 ||| READING scroll labelled JEEGRU JO LOI.
  2072 | D:2      | 2072 ||| DRINKING 2 fizzy puce potions.
  2114 | D:2      | 2114 ||| READING 2 scrolls of identify.
  2114 | D:2      | 2114 ||| IDENTIFYING fizzy orange potion
  2115 | D:2      | 2115 ||| DROPPING potion of magic.
  2116 | D:2      | 2116 ||| DROPPING scroll of amnesia.
  2143 | D:3      | 2143 ||| STAIRDANCE
  2153 | D:2      | Reached XP level 4. HP: 28/28 MP: 4/4
  2161 | D:3      | Reached skill level 4 in Axes
  2162 | D:3      | 2162 ||| STAIRDANCE
  2365 | D:3      | 2365 ||| DROPPING +0 whip.
  2639 | D:3      | 2639 ||| Stepping ~*~*~tactically~*~*~ (stealth).
  2650 | D:3      | Reached XP level 5. HP: 32/32 MP: 5/5
  2768 | D:3      | Noticed a phantom
  2776 | D:3      | Killed a phantom
  2777 | D:3      | Reached skill level 5 in Axes
  2939 | D:3      | Reached XP level 6. HP: 36/37 MP: 6/6
  3029 | D:3      | 3029 ||| Stepping ~*~*~tactically~*~*~ (stealth).
  3428 | D:3      | 3428 ||| READING scroll labelled XETAOTEEDGHA.
  3432 | D:3      | 3432 ||| READING scroll labelled KACZIROVAY.
  3433 | D:3      | 3433 ||| READING scroll labelled HABLER XUOBURGH.
  3434 | D:3      | 3434 ||| DRINKING 2 purple potions.
  3435 | D:3      | 3435 ||| DRINKING 3 viscous coppery potions.
  3435 | D:3      | Gained mutation: You expend magic power (3 MP) to
                  | strengthen your wands. [potion of mutation]
  3435 | D:3      | Gained mutation: Your mind is acute. (Int +4, Str/Dex -1)
                  | [potion of mutation]
  3436 | D:3      | 3436 ||| DRINKING 2 fuming orange potions.
  3541 | D:3      | 3541 ||| READING 3 scrolls of identify.
  3541 | D:3      | 3541 ||| IDENTIFYING fuming purple potion
  3542 | D:3      | 3542 ||| READING 2 scrolls of identify.
  3542 | D:3      | 3542 ||| IDENTIFYING red potion
  3543 | D:3      | 3543 ||| DROPPING potion of degeneration.
  3544 | D:3      | 3544 ||| DROPPING potion of berserk rage.
  3553 | D:4      | 3553 ||| STAIRDANCE
  3654 | D:4      | 3654 ||| STAIRDANCE
  3662 | D:4      | 3662 ||| STAIRDANCE
  4131 | D:4      | Found a hide-covered altar of Uskayaw.
  4132 | D:4      | Found a basalt altar of Yredelemnul.
  4135 | D:4      | Found a sacrificial altar of Ru.
  4328 | D:4      | Found a white marble altar of Elyvilon.
  4462 | D:4      | 4462 ||| DROPPING +0 scale mail.
  4463 | D:4      | 4463 ||| READING 2 scrolls of identify.
  4463 | D:4      | 4463 ||| IDENTIFYING sedimented amethyst potion
  4464 | D:4      | 4464 ||| DROPPING potion of ambrosia.
  4488 | D:5      | Entered Level 5 of the Dungeon
  4525 | D:5      | 4525 ||| Stepping ~*~*~tactically~*~*~ (stealth).
  4537 | D:5      | Noticed a two-headed ogre
  4548 | D:5      | Killed a two-headed ogre
  4549 | D:5      | Reached XP level 7. HP: 21/43 MP: 7/7
  4549 | D:5      | Reached XP level 8. HP: 24/48 MP: 8/8
  4615 | D:5      | 4615 ||| Stepping ~*~*~tactically~*~*~ (stealth).
  4626 | D:5      | 4626 ||| Stepping ~*~*~tactically~*~*~ (stealth).
  4665 | D:5      | 4665 ||| FLEEEEING.
  4711 | D:5      | 4711 ||| Stepping ~*~*~tactically~*~*~ (stealth).
  4719 | D:5      | Reached skill level 6 in Axes
  4943 | D:5      | Reached skill level 1 in Dodging
  5010 | D:5      | 5010 ||| Stepping ~*~*~tactically~*~*~ (stealth).
  5066 | D:5      | Noticed Grinder
  5078 | D:5      | Paralysed by Grinder for 4 turns
  5084 | D:5      | Killed Grinder
  5085 | D:5      | Reached skill level 7 in Axes
  5253 | D:5      | 5253 ||| Stepping ~*~*~tactically~*~*~ (stealth).
  5286 | D:5      | 5286 ||| Stepping ~*~*~tactically~*~*~ (hiding).
  5320 | D:5      | Reached XP level 9. HP: 41/54 MP: 9/9
  5467 | D:5      | Found a staircase to the Ecumenical Temple.
  5468 | D:5      | 5468 ||| PLANNING TEMPLE
  5468 | D:5      | 5468 ||| DROPPING +0 chain mail.
  5469 | D:5      | 5469 ||| DROPPING amulet of faith.
  5470 | D:5      | 5470 ||| DRINKING 2 viscous pink potions.
  5471 | D:5      | 5471 ||| DRINKING 2 green potions.
  5479 | Temple   | Entered the Ecumenical Temple
  5494 | Temple   | Became a worshipper of Warmaster Okawaru
  5518 | Temple   | 5518 ||| PLANNING D:1-11
  5824 | D:6      | Reached skill level 8 in Axes
  6065 | D:6      | Reached skill level 6 in Fighting
  6331 | D:6      | 6331 ||| Stepping ~*~*~tactically~*~*~ (stealth).
  6669 | D:6      | 6669 ||| READING scroll labelled LANOIXK GYHYJ.
  6670 | D:6      | 6670 ||| READING 2 scrolls of identify.
  6670 | D:6      | 6670 ||| IDENTIFYING sapphire potion
  6738 | D:7      | 6738 ||| Stepping ~*~*~tactically~*~*~ (hiding).
  6749 | D:7      | Reached * piety under Okawaru
  6750 | D:7      | Reached skill level 9 in Axes
  6750 | D:7      | 6750 ||| INVOKING Heroism.
  6751 | D:7      | 6751 ||| INVOKING Heroism.
  6791 | D:7      | 6791 ||| Stepping ~*~*~tactically~*~*~ (stealth).
  6865 | D:7      | 6865 ||| INVOKING Heroism.
  6872 | D:7      | Reached skill level 1 in Invocations
  6904 | D:7      | 6904 ||| FLEEEEING.
  6905 | D:7      | 6905 ||| FLEEEEING.
  6906 | D:7      | 6906 ||| FLEEEEING.
  6907 | D:7      | 6907 ||| FLEEEEING.
  6909 | D:7      | 6909 ||| FLEEEEING.
  6911 | D:7      | 6911 ||| FLEEEEING.
  6912 | D:7      | 6912 ||| STAIRDANCE
  7155 | D:7      | Found an ancient bone altar of Kikubaaqudgha.
  7155 | D:7      | Found a bloodstained altar of Trog.
  7160 | D:7      | 7160 ||| INVOKING Heroism.
  7284 | D:7      | 7284 ||| READING scroll of enchant weapon.
  7284 | D:7      | 7284 ||| ENCHANTING +1 war axe.
  7410 | D:7      | Found a shadowy altar of Dithmenos.
  7472 | D:7      | Found a blossoming altar of Fedhas.
  7494 | D:7      | Noticed an oklob plant
  7495 | D:7      | 7495 ||| INVOKING Heroism.
  7678 | D:8      | Reached skill level 3 in Invocations
  7796 | D:8      | 7796 ||| Stepping ~*~*~tactically~*~*~ (hiding).
  7797 | D:8      | 7797 ||| Stepping ~*~*~tactically~*~*~ (hiding).
  7799 | D:8      | 7799 ||| Stepping ~*~*~tactically~*~*~ (hiding).
  7801 | D:8      | 7801 ||| Stepping ~*~*~tactically~*~*~ (hiding).
  7809 | D:8      | 7809 ||| INVOKING Heroism.
  7811 | D:8      | Reached XP level 10. HP: 61/61 MP: 9/12
  7822 | D:8      | HP: 15/61 [yak (2)]
  7823 | D:8      | 7823 ||| DRINKING 2 potions of heal wounds.
  7832 | D:8      | 7832 ||| FLEEEEING.
  7850 | D:8      | 7850 ||| Stepping ~*~*~tactically~*~*~ (stealth).
  7852 | D:8      | 7852 ||| INVOKING Heroism.
  8021 | D:8      | 8021 ||| INVOKING Heroism.
  8022 | D:8      | Noticed a two-headed ogre
  8024 | D:8      | 8024 ||| DRINKING potion of curing.
  8024 | D:8      | 8024 ||| (to cure confusion)
  8035 | D:8      | Killed a two-headed ogre
  8035 | D:8      | Reached ** piety under Okawaru
  8036 | D:8      | Reached skill level 10 in Axes
  8154 | D:8      | 8154 ||| Stepping ~*~*~tactically~*~*~ (stealth).
  8156 | D:8      | 8156 ||| Stepping ~*~*~tactically~*~*~ (stealth).
  8168 | D:8      | 8168 ||| INVOKING Heroism.
  8181 | D:8      | HP: 9/63 [wight/+6 battleaxe of freezing (8)]
  8182 | D:8      | 8182 ||| DRINKING potion of heal wounds.
  8187 | D:8      | HP: 12/63 [wight/+0 great sword (8)]
  8442 | D:8      | 8442 ||| DROPPING +0 flail.
  8496 | D:8      | 8496 ||| Stepping ~*~*~tactically~*~*~ (stealth).
  8498 | D:8      | 8498 ||| Stepping ~*~*~tactically~*~*~ (stealth).
  8499 | D:8      | 8499 ||| Stepping ~*~*~tactically~*~*~ (stealth).
  8500 | D:8      | 8500 ||| INVOKING Heroism.
  8508 | D:8      | 8508 ||| Stepping ~*~*~tactically~*~*~ (stealth).
  8524 | D:8      | 8524 ||| INVOKING Heroism.
  8687 | D:8      | Found a staircase to the Lair.
  8688 | D:8      | 8688 ||| INVOKING Heroism.
  8707 | D:8      | 8707 ||| READING scroll of enchant weapon.
  8707 | D:8      | 8707 ||| ENCHANTING +2 war axe.
  8878 | D:8      | 8878 ||| Stepping ~*~*~tactically~*~*~ (stealth).
  8880 | D:8      | 8880 ||| Stepping ~*~*~tactically~*~*~ (stealth).
  8958 | D:8      | 8958 ||| Stepping ~*~*~tactically~*~*~ (stealth).
  8959 | D:8      | 8959 ||| Stepping ~*~*~tactically~*~*~ (stealth).
  8966 | D:8      | 8966 ||| Stepping ~*~*~tactically~*~*~ (stealth).
  8968 | D:8      | 8968 ||| Stepping ~*~*~tactically~*~*~ (hiding).
  9178 | D:8      | 9178 ||| INVOKING Heroism.
  9279 | D:8      | 9279 ||| PLANNING LAIR
  9279 | D:8      | 9279 ||| UPGRADING to +6 ring of dexterity.
  9280 | D:8      | 9280 ||| READING scroll labelled RIUZOIR BUODGHOHU.
  9381 | D:8      | 9381 ||| READING scroll labelled ZUSIDO KULL.
  9382 | D:8      | 9382 ||| READING scroll labelled BOV TIXETOEPT.
  9423 | Lair:1   | Entered Level 1 of the Lair of Beasts
  9518 | Lair:1   | 9518 ||| INVOKING Heroism.
  9759 | Lair:1   | Noticed an eight-headed hydra
  9760 | Lair:1   | 9760 ||| INVOKING Heroism.
  9763 | Lair:1   | 9763 ||| SWAPPING to +1 flail.
  9773 | Lair:1   | HP: 9/64 [eight-headed hydra (12)]
  9774 | Lair:1   | Slain by an eight-headed hydra

Levels and vault maps discovered:
D:1:      minmay_arrival_floating_metal, layout_loops_cross
D:2:      layout_basic, hex_intersection, serial_bayou_ford_a
D:3:      layout_basic
D:4:      layout_basic, grunt_temple_overflow_open, lemuel_round_altar,
          serial_bayou_lagoon_b
D:5:      minmay_opposing_rooms, layout_basic,
          minmay_temple_entry_drinking_statues, minmay_manual_mess, uniq_grinder
D:6:      layout_loops_ring, minmay_misc_feat_square, grunt_decor_one_mirror,
          minmay_manual_mail
D:7:      layout_cave_pools, kennysheep_mini, tgw_fedhas,
          mainiacjoe_overflow_divided_tiny
D:8:      layout_loops_corners, grunt_lair_entry_orc_guard_hut, enter_bailey_3,
          minmay_fractal_squares_gapless_5
Temple:   cyrus_circular_temple
Lair:1:   layout_gridlike, special_room, serial_bayou_shore_b

Skill      XL: |  1  2  3  4  5  6  7  8  9 10 |
---------------+-------------------------------+-----
Axes           | 2 3 4 5 7 9 10 | 10.5
Fighting       | 4 5 6 8 |  8.0
Throwing       | 5 |  5.5
Dodging        | 1 2 |  2.0
Armour         | 4 5 |  5.1
Invocations    | 3 4 |  4.0
Shields        | 4 5 |  5.0

Action                   |  1- 3 |  4- 6 |  7- 9 | 10-12 || total
-------------------------+-------+-------+-------+-------++-------
Melee: War axe           |   129 |   157 |   212 |   185 ||   683
       Flail             |       |       |       |     9 ||     9
Throw: Boomerang         |       |    23 |     3 |     9 ||    35
       Javelin           |       |     9 |    52 |    11 ||    72
Invok: Heroism           |       |       |     5 |     9 ||    14
  Use: Scroll            |     8 |     6 |     3 |     4 ||    21
       Potion            |     1 |     3 |     2 |     3 ||     9
Armor: Scale mail        |    59 |       |       |       ||    59
       Ice dragon scales |     1 |    59 |   100 |    92 ||   252
Dodge: Dodged            |    48 |    35 |    87 |    84 ||   254
Block: Buckler           |    35 |    74 |   100 |   111 ||   320
       Reflection        |       |     1 |     3 |     3 ||     7

Table legend:
 A = Non-vault XP
 B = Vault XP
 C = Vault XP percentage of total XP
 D = Non-vault monster count
 E = Vault monster count
 F = Vault count percentage of total count
                 A         B        C        D         E       F
            +---------+---------+-------+---------+---------+-------
      Total |    5205 |    3508 |  40.3 |     168 |      30 |  15.2
            +---------+---------+-------+---------+---------+-------
        D:1 |      48 |       0 |   0.0 |      28 |       0 |   0.0
        D:2 |      43 |       0 |   0.0 |      14 |       0 |   0.0
        D:3 |     291 |       0 |   0.0 |      31 |       0 |   0.0
        D:4 |     122 |       0 |   0.0 |      12 |       0 |   0.0
        D:5 |     369 |    1561 |  80.9 |      11 |      13 |  54.2
        D:6 |     837 |     128 |  13.3 |       8 |       3 |  27.3
        D:7 |     878 |       0 |   0.0 |      22 |       0 |   0.0
        D:8 |    1753 |    1819 |  50.9 |      38 |      14 |  26.9
     Lair:1 |     864 |       0 |   0.0 |       4 |       0 |   0.0
            +---------+---------+-------+---------+---------+-------
